 Dungeon Crawl Stone Soup version 0.20-a0-303-g575bbf7 (webtiles) character file.

11540 gamerape the Fighter (level 11, -5/131 HPs)
             Began as an Ogre Chaos Knight on Dec 16, 2016.
             Slain by a yak (13 damage)
             ... on level 10 of the Dungeon.
             The game lasted 00:46:13 (11864 turns).

gamerape the Fighter (Ogre Chaos Knight)           Turns: 11864, Time: 00:46:14

Health: -5/131     AC:  6    Str: 24      XL:     11   Next: 79%
Magic:  19/19      EV: 13    Int: 13      God:    Xom [.*....]
Gold:   384        SH: 11    Dex: 16 (17) Spells: 18/21 levels left

rFire  . . .     SeeInvis +     a - +0 spear (chaos)
rCold  . . .     Gourm    .     S - +2 robe {MR+}
rNeg   . . .     Faith    .     Q - +1 shield
rPois  +         Spirit   .     P - +0 hat {SInv}
rElec  .         Reflect  .     E - +0 cloak
rCorr  .         Harm     .     (gloves unavailable)
MR     ++...                    (boots unavailable)
Stlth  +.........               q - amulet of rage
                                K - ring of poison resistance
                                o - +5 ring of dexterity

@: mighty, about to teleport
A: unfitting armour, claws 1, see invisible, agile 1, blink, deterioration 1,
mutation resistance 1, tough skin 1, MP-powered wands
a: Blink, Renounce Religion, Evoke Berserk Rage


You were on level 10 of the Dungeon.
You worshipped Xom.
You were a plaything of Xom.
You were not hungry.

You visited 1 branch of the dungeon, and saw 10 of its levels.

You collected 588 gold pieces.
You spent 204 gold pieces at shops.

Inventory:

Hand Weapons
 a - a +0 spear of chaos (weapon)
 b - a +0 blowgun
Missiles
 i - 11 needles of confusion
 v - 31 poisoned needles
 y - 15 curare-tipped needles
 G - 5 tomahawks (quivered)
Armour
 h - a +2 robe of cold resistance
 E - a +0 cloak (worn)
 P - a +0 hat of see invisible (worn)
 Q - a +1 shield (worn)
 S - a +2 robe of magic resistance (worn)
Jewellery
 o - a +5 ring of dexterity (left claw)
 q - an amulet of rage (around neck)
 B - an uncursed amulet of guardian spirit
 C - an uncursed ring of stealth {unknown}
 I - an uncursed ring of flight {unknown}
 K - a ring of poison resistance (right claw)
 Z - an uncursed ring of stealth {unknown}
Scrolls
 g - 3 scrolls of teleportation
 l - 4 scrolls of enchant weapon {unknown}
 n - 6 scrolls of remove curse {unknown}
 r - 2 scrolls of fear {unknown}
 u - a scroll of noise {unknown}
 z - a scroll of holy word {unknown}
 A - 3 scrolls of amnesia {unknown}
 D - a scroll of identify
 H - 2 scrolls of acquirement {unknown}
 J - a scroll of blinking {unknown}
 L - 2 scrolls of magic mapping {unknown}
 Y - a scroll of silence {unknown}
Potions
 e - a potion of resistance
 p - 2 potions of might
 s - 3 potions of mutation
 t - 3 potions of flight {unknown}
 w - 2 potions of haste {unknown}
 x - 4 potions of lignification {unknown}
 M - 4 potions of curing
 N - 2 potions of cancellation {unknown}
 O - a potion of degeneration {unknown}
 V - a potion of magic {unknown}
 W - a potion of agility {unknown}
Books
 f - a book of Maledictions

   Spells                             Type                      Level
   a - Corona                         Hexes                        1
   b - Ensorcelled Hibernation        Hexes/Ice                    2
   c - Confuse                        Hexes                        3
   d - Tukima's Dance                 Hexes                        3
   e - Dazzling Spray                 Conjuration/Hexes            3
 F - a book of Callings

   Spells                             Type                      Level
   a - Summon Small Mammal            Summoning                    1
   b - Call Imp                       Summoning                    2
   c - Call Canine Familiar           Summoning                    3
   d - Summon Guardian Golem          Hexes/Summoning              3
   e - Summon Lightning Spire         Summoning/Air                4
   f - Summon Ice Beast               Ice/Summoning                4
Comestibles
 c - 4 bread rations
 d - 6 chunks of flesh
 k - 14 fruits
 m - 2 meat rations
 R - 6 slices of pizza


   Skills:
 * Level 14.5 Fighting
 * Level 11.3 Polearms
 + Level 7.5 Dodging
 + Level 4.1 Shields
 + Level 5.6 Spellcasting
 + Level 1.8 Summonings


You had 18 spell levels left.
You knew the following spells:

 Your Spells              Type           Power        Failure   Level  Hunger
a - Call Canine Familiar  Summ           #.......     77%         3    ###....


Dungeon Overview and Level Annotations

Branches:
Dungeon (10/15)            Temple (0/1) D:5             Orc (0/2) D:9
   Lair: D:8-11

Altars:
Cheibriados
Hepliaklqana
Nemelex Xobeh
Qazlal
Trog
Xom
Zin
The Shining One
Beogh

Shops:
D:4 [:=(   D:6 ?*


Innate Abilities, Weirdness & Mutations

You are too large for most types of armour.
You have tough skin. (AC +1)
You have sharp fingernails.
You have supernaturally acute eyesight. (SInv)
You are agile. (Dex +2)
You can translocate small distances at will.
Your body sometimes deteriorates upon taking damage.
You are somewhat resistant to further mutation.
You expend magic power (3 MP) to strengthen your wands.


Message History

Xom thinks this is hilarious!
Your shadow imp barely misses the yak.
The yak gores you!
* * * LOW HITPOINT WARNING * * *
Your iron imp disappears in a puff of smoke!
Your quasit bites the yak.
Your quasit barely misses the yak.
Your quasit closely misses the yak.
The orc hits you but does no damage.
The orc hits your quasit with a hand axe.
The orc hits your shadow imp but does no damage.
You block the yak's attack.
The orc priest hits you with a short sword.
* * * LOW HITPOINT WARNING * * *
The yak gores you!
* * * LOW HITPOINT WARNING * * *
Your quasit closely misses the orc.
Your quasit claws the orc but does no damage. x2
Your shadow imp is engulfed in seething chaos.
Your shadow imp hits the orc but does no damage.
The yak gores you!
You die...
Xom is highly amused!

..Y......#
.........#
.........# ..
........o##....
..Y.Y........#
#'#### #.)..#
#..oY# #..Y@#
#..oY# #.§55#
....†.#
....5...+
..........#
..........#
...######## ###


You could see 3 yaks, an orc priest, an orc, a friendly quasit, a friendly
crimson imp and a friendly shadow imp (petrifying).

Vanquished Creatures
  Gastronok (D:9)
  A hydra (D:9)
  Pikel (D:5)
  The ghost of Nuatha the Thaumaturge, a novice DEAK of Lugonu (D:8)
  Maurice (D:8)
  A spiny frog (D:9)
  The ghost of gamerape the Poker, an amateur MfGl of Fedhas (D:5)
  2 dream sheep (D:9)
  2 hippogriffs (D:8)
  4 yaks
  2 hungry ghosts
  3 orc warriors
  A swamp drake (D:8)
  3 ice beasts (D:9)
  3 sky beasts
  A black bear (D:6)
  2 phantoms
  A tengu (D:9)
  5 ogres
  6 centaurs
  Blork the orc (D:5)
  5 bullfrogs
  3 big kobolds (D:9)
  A scorpion (D:9)
  Dowan (D:7)
  A troll zombie (D:9)
  6 killer bees
  4 wights (D:6)
  2 crimson imps
  A centaur zombie (D:9)
  6 orc priests
  A bullfrog zombie (D:9)
  A centaur skeleton (D:6)
  4 hounds
  4 iguanas
  4 orc wizards
  9 worker ants
  7 ogre zombies (D:9)
  A hound zombie (D:7)
  A hound skeleton (D:6)
  A howler monkey zombie (D:7)
  Robin (D:3)
  A howler monkey skeleton (D:6)
  8 adders
  9 gnolls
  3 oozes
  An adder skeleton (D:8)
  A worm (D:5)
  A dart slug (D:1)
  5 leopard geckos
  An orc (shapeshifter) (D:8)
  42 orcs
  2 ball pythons
  6 bats
  6 giant cockroaches
  14 goblins
  11 hobgoblins
  13 jackals
  A quokka (D:9)
  3 frilled lizards
  2 goblin skeletons (D:9)
  2 hobgoblin skeletons (D:9)
  3 hobgoblin zombies (D:9)
  A jackal skeleton (D:4)
  A kobold (D:3)
  2 orc skeletons (D:9)
  14 orc zombies (D:9)
  A quokka skeleton (D:6)
  A quokka zombie (D:7)
  7 rats
  A rat zombie (D:7)
270 creatures vanquished.

Vanquished Creatures (collateral kills)
  A two-headed ogre (D:8)
  A yak (D:10)
  Duvessa (D:7)
  An ogre (D:5)
  2 scorpions (D:5)
  A crimson imp (D:7)
  2 orc wizards (D:7)
  A worker ant (D:8)
  An adder (D:7)
  5 orcs
16 creatures vanquished.

Vanquished Creatures (others)
  The ghost of gamerape the Fighter, a novice OgCK of Xom (D:7)
  2 slaves (D:5)
  A gnoll sergeant (D:6)
  An orc priest (D:5)
  An adder (D:5)
  An orc (D:5)
  An orc skeleton (D:9)
  An orc zombie (D:9)
9 creatures vanquished.

Grand Total: 295 creatures vanquished

Notes
Turn   | Place    | Note
-------+----------+-------------------------------------------
     0 | D:1      | gamerape the Ogre Chaos Knight began the quest for the Orb.
     0 | D:1      | Reached XP level 1. HP: 24/24 MP: 1/1
    10 | D:1      | XOM: harmless Air miscast
    43 | D:1      | You fall through a shaft!
   146 | D:1      | XOM: potion effect (agility)
   164 | D:1      | Reached XP level 2. HP: 24/33 MP: 2/2
   443 | D:1      | Reached XP level 3. HP: 31/40 MP: 3/3
   619 | D:1      | XOM: harmless Fire miscast
  1044 | D:2      | Reached skill level 5 in Fighting
  1081 | D:2      | Reached XP level 4. HP: 28/50 MP: 4/4
  1757 | D:3      | XOM: silly message
  1759 | D:3      | XOM: potion effect (experience)
  1759 | D:3      | Reached skill level 10 in Fighting
  1759 | D:3      | Reached XP level 5. HP: 68/68 MP: 4/12
  1788 | D:3      | XOM: silly message
  1869 | D:3      | Noticed Robin
  1874 | D:3      | Reached skill level 5 in Dodging
  1882 | D:3      | Killed Robin
  2074 | D:3      | XOM: divination: detect items
  2079 | D:3      | Found a glowing golden altar of the Shining One.
  2154 | D:4      | XOM: harmless Erth miscast
  2158 | D:4      | XOM: harmless Pois miscast
  2167 | D:4      | XOM: mild Necr miscast
  2172 | D:4      | Reached XP level 6. HP: 64/77 MP: 13/13
  2201 | D:4      | Found a shimmering altar of Xom.
  2264 | D:4      | XOM: cast spell 'Spider Form'
  2268 | D:4      | XOM: divination: detect creatures
  2365 | D:4      | XOM: confuse monster(s)
  2373 | D:4      | XOM: cast spell 'Spider Form'
  2440 | D:4      | XOM: cast spell 'Confusing Touch'
  2604 | D:4      | Found Elloff's Weapon Shoppe.
  2606 | D:4      | Found Saic's Jewellery Shoppe.
  2606 | D:4      | Found Riozil's Antique Armour Shoppe.
  2607 | D:4      | Found Inkevot's Book Shoppe.
  2706 | D:4      | XOM: butterfly on damage
  2709 | D:4      | XOM: potion effect (haste)
  3057 | D:4      | Reached XP level 7. HP: 64/86 MP: 14/14
  3331 | D:4      | Found a bloodstained altar of Trog.
  3334 | D:4      | Found a snail-covered altar of Cheibriados.
  3337 | D:4      | Found a glowing golden altar of the Shining One.
  3460 | D:4      | XOM: divination: detect creatures
  3583 | D:5      | Entered Level 5 of the Dungeon
  3612 | D:5      | Found a hazy altar of Hepliaklqana.
  3709 | D:5      | XOM: summons 4 friendly demons
  3898 | D:5      | Noticed Pikel
  3898 | D:5      | XOM: cast spell 'Call Canine Familiar'
  3903 | D:5      | XOM: scenery: 1 doors close
  3912 | D:5      | XOM: enchant monster (good)
  3914 | D:5      | XOM: confuse monster(s)
  3932 | D:5      | Killed Pikel
  3932 | D:5      | Reached skill level 11 in Fighting
  3932 | D:5      | Reached XP level 8. HP: 90/96 MP: 15/15
  3932 | D:5      | XOM: noise
  4179 | D:5      | XOM: noise
  4312 | D:5      | XOM: blink monster(s)
  4452 | D:5      | XOM: summons 4 hostile demons
  4801 | D:5      | XOM: 3-stop teleportation journey
  4949 | D:5      | Found a stormy altar of Qazlal.
  4949 | D:5      | Noticed Blork the orc
  4979 | D:5      | Killed Blork the orc
  4990 | D:5      | XOM: potion effect (agility)
  5114 | D:5      | XOM: summons friendly iron imp
  5296 | D:5      | Noticed gamerape's ghost (amateur MfGl)
  5311 | D:5      | XOM: give mutations
  5311 | D:5      | Gained mutation: You are partially covered in thin metallic scales. (AC +2) [Xom's grace]
  5311 | D:5      | Gained mutation: You have supernaturally acute eyesight. (SInv) [Xom's grace]
  5313 | D:5      | Killed gamerape's ghost
  5313 | D:5      | Reached XP level 9. HP: 106/106 MP: 16/16
  5321 | D:5      | Found a staircase to the Ecumenical Temple.
  5464 | D:6      | XOM: confuse monster(s)
  5499 | D:6      | XOM: snakes to sticks
  5563 | D:6      | XOM: cleaving
  5600 | D:6      | Found Xosu's Magic Scroll Shop.
  5614 | D:6      | Bought a scroll of teleportation for 39 gold pieces
  5945 | D:6      | Found a glowing silver altar of Zin.
  6244 | D:6      | XOM: give mutation
  6244 | D:6      | Gained mutation: You evolve. [Xom's grace]
  6245 | D:6      | Reached skill level 12 in Fighting
  6267 | D:6      | XOM: god gift: shiny crystal plate armour {god gift}
  6704 | D:6      | Found Kab Ecza's Assorted Antiques.
  6707 | D:6      | Bought a scroll labeled OZEXAB MEIRCHEM for 29 gold pieces
  6707 | D:6      | Bought a scroll labeled ZEASTR GOGRA for 29 gold pieces
  6707 | D:6      | Bought a fuming coppery potion for 26 gold pieces
  6707 | D:6      | Bought a fizzy dark potion for 26 gold pieces
  6707 | D:6      | Bought a scroll labeled NISACU RYEQUSIO for 29 gold pieces
  6707 | D:6      | Bought a black potion for 26 gold pieces
  6741 | D:6      | XOM: divine lightning (protected)
  6754 | D:6      | XOM: cast spell 'Summon Hydra'
  7057 | D:7      | XOM: 1-stop teleportation journey
  7123 | D:7      | Noticed Dowan
  7125 | D:7      | Noticed Duvessa
  7135 | D:7      | Killed Dowan
  7226 | D:7      | Killed Duvessa
  7328 | D:7      | Noticed gamerape's ghost (novice OgCK)
  7350 | D:7      | XOM: cloud trail
  7426 | D:7      | Found a sparkling altar of Nemelex Xobeh.
  7598 | D:7      | XOM: cloud trail
  7643 | D:7      | Gained mutation: You expend magic power (3 MP) to strengthen your wands. [mutagenic glow]
  7644 | D:7      | XOM: summons friendly neqoxec
  7669 | D:7      | Banished gamerape's ghost
  7669 | D:7      | Reached skill level 1 in Shields
  7669 | D:7      | Reached XP level 10. HP: 102/118 MP: 11/17
  7997 | D:7      | XOM: cloud trail
  8045 | D:7      | Gained mutation: You have sharp fingernails. [evolution]
  8059 | D:7      | XOM: divination: detect creatures
  8152 | D:8      | XOM: confuse monster(s)
  8208 | D:8      | Reached skill level 10 in Polearms
  8366 | D:8      | Noticed Nuatha's ghost (novice DEAK)
  8386 | D:8      | XOM: fog
  8403 | D:8      | Killed Nuatha's ghost
  8540 | D:7      | XOM: cast spell 'Hydra Form'
  8658 | D:7      | Lost mutation: You are partially covered in thin metallic scales. (AC +2) [evolution]
  8705 | D:8      | Gained mutation: Your body sometimes deteriorates upon taking damage. [mutagenic meat]
  8706 | D:8      | Gained mutation: You are dopey. (Int -2) [mutagenic meat]
  8767 | D:8      | Noticed a two-headed ogre
  8782 | D:8      | XOM: 5-stop teleportation journey
  8786 | D:8      | XOM: give mutations
  8786 | D:8      | Lost mutation: You are dopey. (Int -2) [Xom's grace]
  8786 | D:8      | Lost mutation: You evolve. [Xom's grace]
  8786 | D:8      | Gained mutation: You are somewhat resistant to further mutation. [Xom's grace]
  8786 | D:8      | Gained mutation: You are agile. (Dex +2) [Xom's grace]
  8786 | D:8      | Gained mutation: You can translocate small distances at will. [Xom's grace]
  9009 | D:8      | Killed a two-headed ogre
  9009 | D:8      | Reached skill level 13 in Fighting
  9087 | D:8      | Noticed Maurice
  9107 | D:8      | Killed Maurice
  9130 | D:8      | XOM: god gift: runed robe {god gift}
  9340 | D:8      | XOM: god gift: leather armour {god gift}
  9376 | D:8      | XOM: potion effect (invisibility)
  9577 | D:9      | XOM: scenery: create altars
  9899 | D:9      | XOM: summons friendly ufetubus
 10254 | D:8      | XOM: polymorph ogre -> swamp drake
 10471 | D:8      | XOM: 3-stop teleportation journey
 10487 | D:8      | XOM: cleaving
 10497 | D:8      | XOM: mild Tmut miscast
 10559 | D:8      | XOM: cloud trail
 10789 | D:8      | XOM: scenery: create altars
 10858 | D:9      | XOM: god gift: buckler {god gift}
 10874 | D:9      | Noticed a spiny frog
 10874 | D:9      | a yak changed into a spiny frog
 10874 | D:9      | XOM: polymorph yak -> spiny frog
 10875 | D:9      | XOM: confuse monster(s)
 10880 | D:9      | XOM: divination: detect items
 10884 | D:9      | XOM: divination: detect items
 10891 | D:9      | Reached XP level 11. HP: 93/127 MP: 18/18
 10897 | D:9      | XOM: destruction
 10915 | D:9      | XOM: confuse monster(s)
 10992 | D:9      | Found a staircase to the Orcish Mines.
 11203 | D:9      | Learned a level 3 spell: Call Canine Familiar
 11247 | D:9      | XOM: smoke on damage
 11263 | D:9      | Found a roughly hewn altar of Beogh.
 11362 | D:9      | Noticed Gastronok
 11362 | D:9      | XOM: enchant monster (good)
 11386 | D:9      | Killed Gastronok
 11386 | D:9      | Reached skill level 14 in Fighting
 11386 | D:9      | Reached skill level 5 in Spellcasting
 11386 | D:9      | Reached skill level 1 in Summonings
 11387 | D:9      | XOM: summons friendly crimson imp
 11405 | D:9      | XOM: potion effect (might)
 11428 | D:9      | XOM: mild Erth miscast
 11434 | D:9      | XOM: confuse monster(s)
 11446 | D:9      | XOM: polymorph crimson imp -> shadow imp
 11454 | D:9      | Noticed a three-headed hydra
 11463 | D:9      | Killed a three-headed hydra
 11560 | D:9      | XOM: 1-stop teleportation journey
 11690 | D:9      | XOM: polymorph ogre -> tengu
 11807 | D:9      | XOM: cloud trail
 11816 | D:10     | Entered Level 10 of the Dungeon
 11834 | D:10     | XOM: summons 11 friendly demons
 11864 | D:10     | Slain by a yak

Vault maps used:
D:1:      minmay_arrival_split_and_join, minmay_misc_feat_columns
D:3:      tso_altar, uniq_robin
D:4:      lemuel_coloured_pillars_altar, grunt_temple_overflow_diamond,
          minmay_shop_grid_forest
D:5:      basic_altar, first_bread, minmay_misc_feat_more_columns,
          nicolae_qazlal_eye_of_the_storm, uniq_pikel, uniq_blork_the_orc
D:6:      kennysheep_mini, serial_shops, nicolae_shop_trees, shop, st_stairs_11
D:7:      lemuel_doored_altar, enter_ossuary_4, uniq_duvessa
D:8:      uniq_maurice
D:9:      zombieorc2_lemuel, hangedman_ranch, uniq_gastronok
D:10:     okawaru_humans

Skill      XL: |  1  2  3  4  5  6  7  8  9 10 11 |
---------------+----------------------------------+-----
Fighting       | 5 10 11 12 13 14 | 14.5
Polearms       | 7 8 9 10 11 | 11.3
Dodging        | 4 5 6 7 |  7.5
Spellcasting   | 4 5 |  5.6
Shields        | 1 3 4 |  4.1
Summonings     | 1 |  1.8

Action                   |  1- 3 |  4- 6 |  7- 9 | 10-12 || total
-------------------------+-------+-------+-------+-------++-------
Melee: Spear             |    99 |   159 |   500 |   738 ||  1496
       Unarmed           |       |    17 |       |       ||    17
 Fire: Blowgun           |       |     2 |       |     6 ||     8
 Abil: Evoke Berserk Rag |       |     1 |     1 |     1 ||     3
Evoke: Wand              |       |       |     1 |       ||     1
  Use: Scroll            |       |       |     6 |     6 ||    12
       Potion            |       |       |     1 |     5 ||     6
 Stab: Paralysed         |     3 |     1 |    10 |     8 ||    22
       Sleeping          |     1 |       |     3 |     3 ||     7
       Confused          |       |     1 |     7 |     9 ||    17
       Petrified         |       |     2 |    14 |    33 ||    49
       Petrifying        |       |       |    10 |     2 ||    12
       Invisible         |       |       |       |     5 ||     5
       Distracted        |       |       |       |     1 ||     1
  Eat: Chunk             |     1 |     5 |     9 |    10 ||    25
       Meat ration       |       |     1 |       |       ||     1
       Bread ration      |       |       |     1 |     1 ||     2
       Royal jelly       |       |       |     1 |       ||     1
       Pizza             |       |       |       |     1 ||     1
       Beef jerky        |       |       |       |     1 ||     1
Armor: Robe              |    30 |    26 |    50 |    72 ||   178
       Skin              |       |     2 |       |       ||     2
Dodge: Dodged            |    51 |    81 |   168 |   191 ||   491
Block: Shield            |       |       |    11 |   210 ||   221
